 Dungeon Crawl Stone Soup version 0.31-a0-263-ge8cad7f256 (webtiles) character file.

Game seed: 5331686177227333446

20 qw the Shooter (level 2, -1/24 HPs)
             Began as a Minotaur Hexslinger on July 13, 2023.
             Killed by nerve-wracking pain
             ... invoked by an orc priest
              (12 damage)
             ... on level 3 of the Dungeon.
             The game lasted 00:00:14 (1339 turns).

qw the Shooter (Minotaur Hexslinger)                Turns: 1339, Time: 00:00:15

Health: -1/24      AC:  3    Str:  9 (12) XL:     2   Next: 58%
Magic:  2/2        EV: 11    Int:  8 (10) God:
Gold:   58         SH:  0    Dex: 11 (12) Spells: 2/3 levels left

rFire   . . .        Y - +1 sling
rCold   . . .        (no shield)
rNeg    . . .        f - +0 leather armour
rPois   .            (helmet restricted)
rElec   .            (no cloak)
rCorr   .            (no gloves)
SInv    .            (no boots)
Will    .....        (no amulet)
Stlth   +            (no ring)
HPRegen 0.24/turn    (no ring)
MPRegen 0.08/turn

%: no passive effects
@: no status effects
A: horns 2, retaliatory headbutt
a: no special abilities


You were on level 3 of the Dungeon.
You visited 1 branch of the dungeon, and saw 4 of its levels.

You collected 58 gold pieces.


Innate Abilities, Weirdness & Mutations

You have a pair of horns on your head.
You reflexively headbutt those who attack you in melee.


   Skills:
 - Level 2.0 Fighting
 + Level 3.2 Ranged Weapons
 - Level 2.1 Dodging
 - Level 1.0 Spellcasting
 - Level 2.0 Hexes


You had 2 spell levels left.
You knew the following spells:

 Your Spells              Type           Power      Damage    Failure   Level
a - Slow                  Hex            12%        N/A       24%         1

Your spell library contained the following spells:

 Spells                   Type           Power      Damage    Failure   Level
 Inner Flame              Hex/Fire       2%         N/A       73%         3
 Portal Projectile        Hex/Tloc       4%         N/A       73%         3
 Cause Fear               Hex            1%         N/A       94%         4

Inventory:

Hand Weapons
 Y - a +1 sling (weapon)
Armour
 f - a +0 leather armour (worn)
Potions
 a - a potion of enlightenment {unknown}
 e - a potion of attraction {unknown}

Dungeon Overview and Level Annotations

Branches:
Dungeon (4/15)
 Temple: D:4-7

Altars:
Uskayaw


Message History

You feel very sick.
You shoot a sling bullet. The sling bullet hits the kobold.
You kill the kobold!
You feel very sick.
You shoot a sling bullet.
The sling bullet hits the endoplasm but does no damage.
You feel sick.
You shoot a sling bullet. The sling bullet hits the endoplasm.
The endoplasm is almost dead.
You feel sick.
The endoplasm hits you but does no damage.
You shoot a sling bullet. The sling bullet hits the endoplasm.
You kill the endoplasm!
You feel sick.
You start resting.
You feel sick. x3
You are no longer poisoned.
HP restored.
(D) Dungeon
Where to? (* - list waypoints, Enter - D:3, ? - help)
What level of the Dungeon? (default 1, ? - help)
There is a stone staircase leading up here.
You climb upwards.
The orc shouts!
The orc wizard shouts!
The orc shouts!
The orc priest shouts!
You hear an angry hiss.
You hear a shout!
Found 12 gold pieces.
Found a hide-covered altar of Uskayaw.
There is a stone staircase leading down here.
There are monsters nearby!
Waypoint 3 assigned to D:3.
You shoot a sling bullet.
The sling bullet barely misses the orc priest.
The orc priest hits you with a +0 club. The orc wizard casts a spell at you.
The puff of flame hits you! The orc barely misses you.
The orc hits you but does no damage.
You shoot a sling bullet.
The sling bullet closely misses the orc priest.
The orc priest calls down the wrath of Beogh upon you.
Pain shoots through your body!
Ouch! That really hurt!
You die...

#........#
#.#####..
#.#...#..
#.#.((#..
..#####.##
......o..+
#..._..oo##
#...ow@.o#
....###....#
# ####.....
##.. #


You could see a worm, 2 dancing weapons, an orc priest, an orc wizard and 3
orcs.

Vanquished Creatures
  A dart slug (D:1)
  2 ball pythons (D:1)
  A bat (D:1)
  An endoplasm (D:4)
  A giant cockroach (D:1)
  2 goblins (D:1)
  2 hobgoblins (D:1)
  2 quokkas (D:1)
  3 kobolds
15 creatures vanquished.

Notes
Turn   | Place    | Note
-------+----------+-------------------------------------------
     0 | D:1      | qw the Minotaur Hexslinger began the quest for the Orb.
     0 | D:1      | Reached XP level 1. HP: 16/16 MP: 1/1
     0 | D:1      | 0 ||| qw: Version: 0.3-a-52-g30416fa
     0 | D:1      | 0 ||| qw: Game counter: 7121
     0 | D:1      | 0 ||| qw: Melee chars always use a shield: true
     0 | D:1      | 0 ||| qw: God list: Okawaru
     0 | D:1      | 0 ||| qw: Allow faded altars: false
     0 | D:1      | 0 ||| qw: Do Orc after clearing Dungeon:15 true
     0 | D:1      | 0 ||| qw: Do second Lair branch before Depths: true
     0 | D:1      | 0 ||| qw: Lair rune preference: random
     0 | D:1      | 0 ||| qw: Goals: Normal
     0 | D:1      | 0 ||| PLANNING D:1-11
   213 | D:1      | Reached skill level 3 in Ranged Weapons
   213 | D:1      | Reached XP level 2. HP: 23/23 MP: 2/2
  1172 | D:1      | 1172 ||| UPGRADING to +0 leather armour.
  1182 | D:1      | 1182 ||| DROPPING +0 robe.
  1183 | D:1      | 1183 ||| READING scroll labelled UNUAFU GE ADGH.
  1228 | D:1      | 1228 ||| DRINKING 2 murky purple potions.
  1229 | D:1      | 1229 ||| DROPPING scroll of poison.
  1230 | D:1      | 1230 ||| DROPPING potion of degeneration.
  1242 | D:2      | You fall into a shaft and drop 2 floors!
  1243 | D:4      | 1243 ||| READING scroll labelled KENITO UXEONORR.
  1254 | D:4      | HP: 6/24 [poisoned by a kobold]
  1337 | D:3      | Noticed a +0 hand axe
  1337 | D:3      | Noticed a +0 hand axe
  1337 | D:3      | Found a hide-covered altar of Uskayaw.
  1339 | D:3      | Killed from afar by an orc priest

Levels and vault maps discovered:
D:1:      minmay_arrival_arboretum_small, layout_basic, bh_walls_and_bars
D:2:      layout_loops_ring, minmay_misc_feat_columns, uniq_crazy_yiuf_cottage
D:3:      layout_rooms, dancing_weapons_uskayaw, kennysheep_pointless_box,
          uniq_natasha, uniq_terence, uniq_ijyb
D:4:      layout_cave_pools, mainiacjoe_overflow_alcove_4, uniq_menkaure

Skill      XL: |  1  2 |
---------------+-------+-----
Ranged Weapons | 3 |  3.2
Fighting       | 2 |  2.0
Dodging        | |  2.1
Spellcasting   | |  1.0
Hexes          | |  2.0

Action                     || total
---------------------------++-------
   Fire: Sling             ||    47
    Use: Scroll            ||     2
         Potion            ||     1
 Armour: Robe              ||     1
         Leather armour    ||     2
  Dodge: Dodged            ||     8

Table legend:
 A = Non-vault XP
 B = Vault XP
 C = Vault XP percentage of total XP
 D = Non-vault monster count
 E = Vault monster count
 F = Vault count percentage of total count
                 A         B        C        D         E       F
            +---------+---------+-------+---------+---------+-------
      Total |      29 |       0 |   0.0 |      15 |       0 |   0.0
            +---------+---------+-------+---------+---------+-------
        D:1 |      26 |       0 |   0.0 |      13 |       0 |   0.0
        D:4 |       3 |       0 |   0.0 |       2 |       0 |   0.0
            +---------+---------+-------+---------+---------+-------
